 Dungeon Crawl Stone Soup version 0.30-a0-989-g0d87f670db (webtiles) character file.

Game seed: 8735489820258059967

115 bmack86 the Covered (level 4, -4/40 HPs)
             Began as a Minotaur Fighter on Apr 3, 2023.
             Slain by an ice beast (5 damage)
             ... on level 3 of the Dungeon.
             The game lasted 00:03:29 (1714 turns).

bmack86 the Covered (Minotaur Fighter)              Turns: 1714, Time: 00:03:30

Health: -4/40      AC:  7    Str: 22    XL:     4   Next: 68%
Magic:  0/3        EV:  9    Int:  5    God:
Gold:   102        SH:  4    Dex: 10    Spells: 3/3 levels left

rFire   . . .      SeeInvis .    a - +0 war axe
rCold   . . .      Faith    .    c - +0 buckler
rNeg    . . .      Spirit   +    b - +0 scale mail
rPois   .          Reflect  .    (helmet restricted)
rElec   .          Rampage  .    (no cloak)
rCorr   .                        (no gloves)
Will    .....                    (no boots) Stlth
                                 k - amulet of guardian spirit
HPRegen 0.26/turn                (no ring)
MPRegen 0.08/turn                (no ring)

@: no status effects
A: horns 2, retaliatory headbutt
a: no special abilities


You were on level 3 of the Dungeon.
You visited 1 branch of the dungeon, and saw 3 of its levels.

You collected 102 gold pieces.

Inventory:

Hand Weapons
 a - a +0 war axe (weapon)
Missiles
 l - 5 poisoned darts (quivered)
Armour
 b - a +0 scale mail (worn)
 c - a +0 buckler (worn)
Jewellery
 k - an amulet of guardian spirit (around neck)
Wands
 n - a wand of flame (16)
Scrolls
 f - 2 scrolls of magic mapping {unknown}
 h - a scroll of fear {unknown}
 j - a scroll of identify {unknown}
 m - a scroll of immolation {unknown}
 o - a scroll of enchant armour {unknown}
 p - a scroll of amnesia {unknown}
Potions
 d - 3 potions of might
 e - a potion of ambrosia {unknown}
 g - a potion of haste {unknown}
 i - a potion of curing {unknown}


   Skills:
 + Level 4.2 Fighting
 * Level 4.2 Axes
 + Level 1.1 Throwing
 + Level 4.3 Armour
 + Level 4.2 Shields


You had 3 spell levels left.
You didn't know any spells.
Your spell library contained the following spells:

 Spells                   Type           Power      Damage    Failure   Level
 Blink                    Tloc           0%         N/A       95%         2
 Lesser Beckoning         Tloc           0%         N/A       95%         2
 Momentum Strike          Conj/Tloc      0%         3d8       95%         2


Dungeon Overview and Level Annotations

Branches:
Dungeon (3/15)

Altars:
Cheibriados


Innate Abilities, Weirdness & Mutations

You have a pair of horns on your head.
You reflexively headbutt those who attack you in melee.


Message History

p - a scroll labelled LAER AGOMANK You see here a quokka corpse.
You see here a quokka corpse.
d - 3 potions of might (gained 1)
Found 6 stones.
You see here 6 stones.
You see here 6 stones.
You now have 95 gold pieces (gained 8).
Found a rapier.
Found a stone staircase leading down.
Found a sling.
Found a scale mail.
You see here a +0 scale mail.
You now have 102 gold pieces (gained 7).
Found 6 stones.
You see here 6 stones.
Found a stone staircase leading down.
You pick up a book of Spatial Translocations and begin reading...
You add the spells Blink, Momentum Strike and Lesser Beckoning to your library.
Found 7 stones.
Found a stone staircase leading up.
You see here 7 stones.
There is a stone staircase leading up here.
An ice beast comes into view.
You slash the ice beast!
The ice beast is moderately wounded.
The ice beast hits you. The ice beast freezes you!
You closely miss the ice beast.
The ice beast is moderately wounded.
The ice beast hits you. The ice beast freezes you!
You closely miss the ice beast. Your headbutt misses the ice beast.
The ice beast is moderately wounded.
You block the ice beast's attack. The ice beast hits you.
The ice beast freezes you!
* * * LOW HITPOINT WARNING * * *
You hit the ice beast but do no damage.
The ice beast is moderately wounded.
The ice beast hits you.
* * * LOW HITPOINT WARNING * * *
The ice beast freezes you.
You die...

....####...##.# #
## #........#.##.#
.# .
#...####...##.# .#
##### ##.###<# .#
#..## #.# #.# .#
#..#. #.# #.###.###
#.#..#. #.#
#.#.....# #.#..#.
### ####.#
#.#.Y...### #.#..#.
..# ##.##.#
#...@$....# #.#..#.
#.###.#.#.#
###.....#.# #.#..#.
#.##.###..# #.....#
#.#...[
#.###.#.#####
###.###.#####.#....
#............ .#
............
#####...##### ##
#########... ##.##
##.. #.# #####.
######.# #.....


You could see an ice beast.

Vanquished Creatures
  Robin (D:2)
  4 adders
  An ufetubus (D:3)
  3 worms
  A dart slug (D:2)
  An orc (D:3)
  2 bats (D:2)
  2 endoplasms
  11 goblins
  4 hobgoblins (D:2)
  6 jackals
  5 kobolds
  3 quokkas
  2 ball pythons
  2 frilled lizards (D:3)
  A rat (D:1)
49 creatures vanquished.

Notes
Turn   | Place    | Note
-------+----------+-------------------------------------------
     0 | D:1      | bmack86 the Minotaur Fighter began the quest for the Orb.
     0 | D:1      | Reached XP level 1. HP: 19/19 MP: 0/0
   199 | D:1      | Reached XP level 2. HP: 24/27 MP: 1/1
   608 | D:2      | Reached XP level 3. HP: 33/33 MP: 2/2
   803 | D:2      | Noticed Robin
   812 | D:2      | Killed Robin
   815 | D:2      | Reached XP level 4. HP: 32/40 MP: 3/3
  1152 | D:3      | Found a snail-covered altar of Cheibriados.
  1222 | D:3      | Reached skill level 1 in Throwing
  1708 | D:3      | Noticed an ice beast
  1714 | D:3      | HP: 1/40 [ice beast (4)]
  1714 | D:3      | Slain by an ice beast

Illustrated notes

Levels and vault maps discovered:
D:1:      minmay_arrival_open_corners, layout_rooms,
          ebering_dispersal_statue_hall
D:2:      layout_basic, uniq_robin
D:3:      layout_loops_ring, lemuel_tele_altar

Skill      XL: |  1  2  3  4 |
---------------+-------------+-----
Axes           | 3 4 |  4.2
Armour         | 4 |  4.3
Shields        | 4 |  4.2
Fighting       | 4 |  4.2
Throwing       | 1 |  1.1

Action                     |  1- 3 |  4- 6 || total
---------------------------+-------+-------++-------
  Melee: War axe           |    75 |    27 ||   102
         Headbutt          |     7 |     3 ||    10
 Armour: Scale mail        |    42 |    17 ||    59
  Dodge: Dodged            |    33 |    13 ||    46
  Block: Buckler           |    24 |     8 ||    32

Table legend: (Time is in decaauts)
 A = Elapsed time spent in this place.
 B = Non-inter-level travel time spent in this place.
 C = Inter-level travel time spent in this place.
 D = Time resting spent in this place.
 E = Time spent auto-exploring this place.
 F = Levels seen in this place.
 G = Mean time per level.
                   A        B        C        D        E       F      G
               +--------+--------+--------+--------+--------+-----+--------+
         Total |   1751 |   1684 |     67 |      0 |   1268 |   3 |  583.7 |
       Dungeon |   1751 |   1684 |     67 |      0 |   1268 |   3 |  583.7 |
               +--------+--------+--------+--------+--------+-----+--------+

Top non-repeatable levels by time:
     D:2: 740 daAuts
     D:3: 579 daAuts
     D:1: 430 daAuts
